 Dungeon Crawl Stone Soup version 0.32-a0-616-g9348d4545b (webtiles) character file.

Game seed: 13984843951028427072

1470 ezpacito the Chopper (level 8, -2/62 HPs)
             Began as a Coglin Chaos Knight on Mar 5, 2024.
             Was a Plaything of Xom.
             Slain by a fire crab (9 damage)
             ... in a bailey.
             The game lasted 00:09:21 (6501 turns).

ezpacito the Chopper (Coglin Chaos Knight)          Turns: 6501, Time: 00:09:22

Health: -2/62      AC:  8    Str: 15    XL:     8   Next: 78%
Magic:  11/11      EV: 10    Int: 11    God:    Xom [...*..]
Gold:   91         SH:  0    Dex: 14    Spells: 1/11 levels left

rFire   . . .        a - +1 hand axe (chaos) {Raimund}
rCold   . . .        j - +0 whip (flame) {Javier}
rNeg    . . .        r - +0 scale mail {rPois}
rPois   +            (no helmet)
rElec   .            e - scarf {+Inv}
rCorr   .            (no gloves)
SInv    .            k - +0 pair of boots
Will    .....        (amulet unavailable)
Stlth   +            (ring unavailable)
HPRegen 0.30/turn    (ring unavailable)
MPRegen 0.12/turn    (no gizmo)

%: no passive effects
@: mighty, revving
A: off-hand wielding, slow wielding, warmup strikes, no jewellery
a: Invent Gizmo, Renounce Religion, Evoke Invisibility


You were in a bailey.
You worshipped Xom.
You were a favourite toy of Xom.
You visited 2 branches of the dungeon, and saw 8 of its levels.
You also visited: Bailey.

You collected 376 gold pieces.
You spent 285 gold pieces at shops.

Inventory:

Hand Weapons
 a - a +1 hand axe of chaos (weapon) {Raimund}
 j - a +0 whip of flaming (offhand) {Javier}
 o - a +0 war axe
 u - a +2 antimagic hand axe
Missiles
 b - 10 poisoned darts
 n - a throwing net
Armour
 e - a scarf of invisibility (worn)
 k - a +0 pair of boots (worn)
 r - a +0 scale mail of poison resistance (worn)
Magical Staves
 v - a staff of conjuration
Wands
 y - a wand of warping (1)
Scrolls
 c - a scroll of torment
 g - a scroll of fear
 p - 3 scrolls of enchant armour
 t - a scroll of immolation
 B - a scroll of blinking
Potions
 d - a potion of might
 f - a potion of mutation
 l - a potion of heal wounds
 m - a potion of enlightenment {unknown}
 x - a potion of attraction {unknown}


   Skills:
 * Level 5.2 Fighting
 * Level 5.4(5.8) Axes
 + Level 2.7(4.2) Polearms
 * Level 4.4 Armour
 * Level 3.9 Dodging
 + Level 2.6 Stealth
 + Level 2.2 Spellcasting
 + Level 1.4 Evocations


You had one spell level left.
You knew the following spells:

 Your Spells              Type           Power      Damage    Failure   Level
a - Fugue of the Fallen   Necr           1%         N/A       97%         3
b - Tukima's Dance        Hex            1%         N/A       97%         3
x - Iskenderun's Mystic   Conj/Tloc      1%         2d3       100%        4

Your spell library contained the following spells:

 Spells                   Type           Power      Damage    Failure   Level
 Ensorcelled Hibernation  Hex/Ice        2%         N/A       85%         2
 Lesser Beckoning         Tloc           2%         N/A       85%         2
 Gell's Gravitas          Tloc           1%         N/A       97%         3
 Ozocubu's Armour         Ice            1%         N/A       97%         3
 Passwall                 Erth           1%         N/A       97%         3
 Swiftness                Air            1%         N/A       97%         3
 Teleport Other           Tloc           1%         N/A       97%         3
 Dimensional Bullseye     Hex/Tloc       0%         N/A       100%        4
 Manifold Assault         Tloc           1%         N/A       100%        4


Dungeon Overview and Level Annotations

Branches:
Dungeon (7/15)             Temple (1/1) D:4          Bailey (1/1)

Altars:
Ashenzari
Cheibriados
Dithmenos
Elyvilon
Fedhas
Gozag
Hepliaklqana
Kikubaaqudgha
Makhleb
Nemelex Xobeh
Okawaru
Qazlal
Ru
Sif Muna
Trog
Uskayaw
Vehumet
Wu Jian
Xom
Yredelemnul
Zin
The Shining One

Shops:
D:4 [   D:6 =:*!


Innate Abilities, Weirdness & Mutations

You can wield a second weapon in your off-hand.
It takes a long time for you to wield or remove held weapons.
Your first few attacks do less damage.
You cannot equip rings or amulets.


Message History

Press: ? - help, Shift-Dir - straight line, f - kobold
Aim: a kobold, quivering boomerangs Space twists violently!
The rupture engulfs the kobold!
The kobold blinks!
You feel a bit more experienced.
The rupture engulfs the fire crab!
The fire crab blinks!
The fire crab is moderately wounded.
You hear a shout! x3
The orc warrior hits you but does no damage.
You feel much better.
The orc warrior hits you but does no damage.
You regained 31 hp, and now have 44/62 hp.
You feel much better.
The orc warrior hits you but does no damage.
Health restored: 62 You feel very mighty all of a sudden.
The orc warrior hits you with a +0 hand axe.
The fire crab bites you!
You are engulfed in flames!
The fire crab barely misses you.
You take 21 damage, and have 41/62 hp.
MASSIVE DAMAGE!!
You hit the orc warrior with your +1 hand axe of chaos.
The orc warrior is severely wounded.
You hit the fire crab but do no damage.
The fire crab seems to speed up.
You hit the orc warrior with your +0 whip of flaming.
You burn the orc warrior.
The orc warrior hits you with a +0 hand axe!
A goblin comes into view. It is wielding a +0 hand axe.
The fire crab bites you!
You are engulfed in flames!
* * * LOW HITPOINT WARNING * * *
The fire crab barely misses you.
The kobold throws a boomerang.
The boomerang closely misses you.
You take 24 damage, and have 17/62 hp.
MASSIVE DAMAGE!!
You feel better. The fire crab bites you!
* * * LOW HITPOINT WARNING * * *
You are engulfed in flames!
* * * LOW HITPOINT WARNING * * *
The fire crab claws you.
* * * LOW HITPOINT WARNING * * *
You are engulfed in flames!
You die...
Xom howls with laughter!

...####...####.....
..)................
.ß..t....).g)..ß..ß
.....B.)(..........
...................
.ß...##(('##○..ß...
....##K(...##.....#
. .##.......##...##
#####@o.......#####
≈≈≈≈≈≈≈.t..∩....≈≈≈
♣≈≈≈≈≈≈.........≈≈≈
♣♣♣♣♣♣♣♣♣♣.∩.♣♣♣♣♣♣
♣♣♣♣♣


You could see a fire crab (fast), an orc warrior, a goblin and a kobold.

Vanquished Creatures
  A water moccasin (D:5)
  3 ogres
  2 phantoms
  A kobold brigand (D:7)
  3 scorpions
  5 wights (D:7)
  A hound (D:4)
  2 orc priests
  A sleepcap (D:5)
  3 orc wizards
  6 gnolls
  7 adders
  3 dart slugs
  24 orcs
  4 endoplasms
  3 giant cockroaches
  11 goblins
  11 hobgoblins
  8 jackals (D:1)
  14 kobolds
  A quokka (D:1)
  8 ball pythons
  7 bats
  4 frilled lizards
  4 rats
137 creatures vanquished.

Notes
Turn   | Place    | Note
-------+----------+-------------------------------------------
     0 | D:1      | ezpacito the Coglin Chaos Knight began the quest for the
                  | Orb.
     0 | D:1      | Reached XP level 1. HP: 18/18 MP: 1/1
    50 | D:1      | Reached skill level 1 in Dodging
   169 | D:1      | Reached XP level 2. HP: 24/24 MP: 2/2
   402 | D:1      | XOM: butterfly on damage
   404 | D:1      | Reached XP level 3. HP: 5/29 MP: 3/3
   419 | D:1      | XOM: silly message
   423 | D:1      | XOM: divination: magic mapping
   608 | D:1      | XOM: divination: detect creatures
   673 | D:1      | Found a faded altar of an unknown god.
   735 | D:1      | XOM: silly message
  1517 | D:2      | Reached XP level 4. HP: 33/35 MP: 4/4
  1548 | D:2      | XOM: 3-stop teleportation journey
  1755 | D:2      | XOM: silly message
  2398 | D:3      | Reached skill level 1 in Stealth
  2507 | D:4      | Reached skill level 1 in Polearms
  2510 | D:4      | Noticed a scorpion
  2514 | D:4      | XOM: potion effect (heal wounds)
  2519 | D:4      | XOM: silly message
  2520 | D:4      | Killed a scorpion
  2521 | D:4      | Reached XP level 5. HP: 16/41 MP: 6/6
  2631 | D:4      | XOM: potion effect (might)
  2635 | D:4      | Reached skill level 1 in Spellcasting
  2643 | D:4      | Noticed an ogre
  2646 | D:4      | Reached XP level 6. HP: 48/48 MP: 7/7
  2845 | D:4      | Found Hijajom's Antique Armour Boutique.
  2865 | D:4      | Found a staircase to the Ecumenical Temple.
  2882 | Temple   | Entered the Ecumenical Temple
  3139 | D:5      | Entered Level 5 of the Dungeon
  3210 | D:5      | Reached XP level 7. HP: 38/54 MP: 8/8
  3388 | D:4      | XOM: god gift: 16 gold pieces
  3594 | D:4      | Bought a shiny scale mail for 175 gold pieces
  3684 | D:5      | XOM: silly message
  3809 | D:5      | XOM: divination: detect creatures
  3859 | D:5      | Found a bloodstained altar of Trog.
  3911 | D:5      | XOM: divination: detect items
  3913 | D:5      | XOM: enchant monster (good)
  4040 | D:5      | XOM: divination: detect items
  4169 | D:5      | XOM: god gift: staff of conjuration
  4171 | D:5      | XOM: noise
  4174 | D:5      | Reached XP level 8. HP: 41/61 MP: 10/10
  4235 | D:5      | XOM: 1-stop teleportation journey
  4374 | D:5      | XOM: stat loss: -1 Str (14/15)
  5250 | D:6      | XOM: summons 1 hostile shadow creature
  5275 | D:6      | Reached skill level 5 in Axes
  5459 | D:6      | Found Cofraloavae's General Store.
  5459 | D:6      | Found Zilutieh's Distillery.
  5467 | D:6      | Found Leriugg's Book Shoppe.
  5467 | D:6      | Found Teetzuy's Jewellery Shoppe.
  5470 | D:6      | Bought a potion of degeneration for 10 gold pieces
  5473 | D:6      | Bought a potion of heal wounds for 50 gold pieces
  5473 | D:6      | Bought a potion of heal wounds for 50 gold pieces
  5489 | D:6      | Learned a level 3 spell: Fugue of the Fallen
  5493 | D:6      | Learned a level 3 spell: Tukima's Dance
  5498 | D:6      | Learned a level 4 spell: Iskenderun's Mystic Blast
  5868 | D:6      | XOM: torment (32/61 hp)
  6066 | D:7      | XOM: 2-stop teleportation journey
  6075 | D:7      | XOM: god gift: +1 rapier of venom
  6257 | D:7      | XOM: stat loss: -1 Dex (13/14)
  6269 | D:7      | Reached skill level 5 in Fighting
  6325 | D:7      | Reached skill level 1 in Evocations
  6333 | D:7      | XOM: confusion (+ monsters)
  6370 | D:7      | Found a flagged portal.
  6370 | D:7      | XOM: 3-stop teleportation journey
  6386 | D:7      | XOM: cloud trail
  6446 | D:7      | XOM: noise
  6457 | Bailey   | Entered a bailey
  6463 | Bailey   | Noticed an orc warlord
  6468 | Bailey   | a goblin changed into a fire crab
  6468 | Bailey   | Noticed a fire crab
  6468 | Bailey   | XOM: polymorph goblin -> fire crab
  6489 | Bailey   | XOM: polymorph kobold -> giant cockroach
  6501 | Bailey   | Slain by a fire crab

Illustrated notes

Levels and vault maps discovered:
D:1:      heliophobic_arrival_ceremonial_halls, layout_basic,
          shapermc_ecumenical_altar_petra, minmay_octomino_j4
D:2:      layout_rooms
D:3:      layout_loops_ring
D:4:      layout_loops_cross, minmay_temple_entry_glass, serial_shops, shop
D:5:      layout_layer_cave, mainiacjoe_overflow_24_doors
D:6:      layout_loops_ring, minmay_shop_grid_forest
D:7:      layout_basic, enter_bailey_2, uniq_jeremiah
Temple:   grunt_wide_crystal_templ
Bailey:   bailey_axe_bossmonster_kennysheep, bailey

Skill      XL: |  1  2  3  4  5  6  7  8 |
---------------+-------------------------+-----
Dodging        | 1 2 3 |  3.9
Armour         | 2 3 4 |  4.4
Stealth        | 1 2 |  2.6
Polearms       | 1 2 |  2.7
Spellcasting   | 1 2 |  2.2
Axes           | 4 5 |  5.4
Fighting       | 4 5 |  5.2
Evocations     | 1 |  1.4

Action                     |  1- 3 |  4- 6 |  7- 9 || total
---------------------------+-------+-------+-------++-------
  Melee: Hand axe          |    80 |    92 |   151 ||   323
         Dagger            |    70 |       |       ||    70
         Whip              |     4 |    88 |   152 ||   244
  Evoke: Wand              |       |       |     1 ||     1
    Use: Scroll            |     4 |     1 |    11 ||    16
         Potion            |       |     3 |     9 ||    12
   Stab: Confused          |     2 |       |     4 ||     6
         Sleeping          |     1 |       |       ||     1
         Petrified         |       |     4 |     5 ||     9
         Petrifying        |       |     1 |       ||     1
 Armour: Leather armour    |    38 |       |       ||    38
         Scale mail        |     5 |    92 |   150 ||   247
  Dodge: Dodged            |    46 |    45 |    73 ||   164

Table legend: (Time is in decaauts)
 A = Elapsed time spent in this place.
 B = Non-inter-level travel time spent in this place.
 C = Inter-level travel time spent in this place.
 D = Time resting spent in this place.
 E = Time spent auto-exploring this place.
 F = Levels seen in this place.
 G = Mean time per level.
                   A        B        C        D        E       F      G
               +--------+--------+--------+--------+--------+-----+--------+
         Total |   6491 |   6140 |    351 |    240 |   4718 |   9 |  721.2 |
       Dungeon |   6378 |   6027 |    351 |    240 |   4646 |   7 |  911.1 |
        Temple |     69 |     69 |      0 |      0 |     68 |   1 |   69.0 |
        Bailey |     43 |     43 |      0 |      0 |      4 |   1 |   43.0 |
               +--------+--------+--------+--------+--------+-----+--------+

Top non-repeatable levels by time:
     D:5: 1729 daAuts
     D:1: 1429 daAuts
     D:4: 881 daAuts
     D:6: 833 daAuts
     D:3: 662 daAuts
     D:7: 433 daAuts
     D:2: 408 daAuts
  Temple: 69 daAuts
  Bailey: 43 daAuts
